 Dungeon Crawl Stone Soup version 0.20-a0-936-gaf809b6 (webtiles) character file.

104 M4edhros the Sneak (level 4, -3/28 HPs)
             Began as an Octopode Artificer on Mar 29, 2017.
             Slain by Duvessa
             ... wielding a +0 short sword
              (4 damage)
             ... on level 4 of the Dungeon.
             The game lasted 00:01:55 (1617 turns).

M4edhros the Sneak (Octopode Artificer)             Turns: 1617, Time: 00:01:56

Health: -3/28      AC:  1    Str:  9 (11) XL:     4   Next: 80%
Magic:  6/6        EV: 13    Int: 12 (13) God:
Gold:   47         SH:  0    Dex: 11 (13) Spells: 3/3 levels left

rFire    . . .     SeeInvis .   a - +0 short sword
rCold    . . .     Gourm    .   (no shield)
rNeg     . . .     Faith    .   (helmet restricted)
rPois    .         Spirit   .   (no amulet)
rElec    .         Reflect  .   h - ring of flight
rCorr    .         Harm     .   (no ring)
MR       .....                  (no ring)
Stlth    ++++......             (no ring)
Regen    0.1/turn               (no ring)
MPRegen  0.1/turn               (no ring)
                                (no ring)
                                (no ring)

@: no status effects
A: almost no armour, stealthy swim, amphibious, 8 rings, constrict 8, camouflage
1, gelatinous body 1
a: Evoke Flight


You were on level 4 of the Dungeon.
You were not hungry.

You visited 1 branch of the dungeon, and saw 4 of its levels.

You collected 47 gold pieces.

Inventory:

Hand Weapons
 a - a +0 short sword (weapon)
Jewellery
 h - a ring of flight (left tentacle)
Wands
 b - a wand of flame (13/48)
 c - a wand of enslavement (13/24)
 d - a wand of random effects (5/48)
Scrolls
 i - a scroll of random uselessness {unknown}
 j - a scroll of blinking {unknown}
 l - 3 scrolls of recharging {unknown}
 m - 2 scrolls of magic mapping {unknown}
 o - 5 scrolls of identify {unknown}
 p - a scroll of noise {unknown}
 q - a scroll of immolation {unknown}
Potions
 g - a potion of lignification
 s - a potion of brilliance {unknown}
 t - a potion of mutation {unknown}
Comestibles
 f - 2 bread rations
 r - 2 meat rations


   Skills:
 - Level 1.0 Fighting
 - Level 1.0 Short Blades
 - Level 2.0 Dodging
 + Level 6.4 Stealth
 - Level 3.2 Evocations


You had 3 spell levels left.
You didn't know any spells.

Dungeon Overview and Level Annotations

Branches:
Dungeon (4/15)
 Temple: D:4-7

Altars:

Annotations:
D:4 Dowan, Duvessa


Innate Abilities, Weirdness & Mutations

You cannot wear most types of armour.
You are very stealthy in the water. (Stealth+)
You are amphibious.
You can wear up to eight rings at the same time.
You can use your tentacles to constrict eight enemies at once.
Your skin changes colour to match your surroundings (Stealth+).
Your rubbery body absorbs attacks. (AC +1, EV +1)


Message History

Something hits you but does no damage.
The giant cockroach bites you but does no damage.
Something hits you but does no damage.
The giant cockroach bites you but does no damage.
Unknown command.
It was a potion of degeneration.
There was something very wrong with that liquid.
You feel weakened.
You feel dopey.
You feel clumsy.
Dowan gestures wildly while chanting.
Dowan blinks!
Something hits you but does no damage. The giant cockroach barely misses you.
It was a potion of cancellation.
Your magical effects are unravelling.
You feel magically purged.
You feel less wooden. Something hits you.
* * * LOW HITPOINT WARNING * * *
The giant cockroach bites you but does no damage.
Something hits you.
You die...

+# #. #.# .. #.# ###. #.#
... #.# #+###
#####.########.# #....
.......ยง.@s>.#.# #....
.#####...###....#######....
.........+.)...............
#####....#####..#.#####....
#....# #...#.# #.... #....#
#.#.#.# ###.### #....#
#.#...# #...... #....#
#.#...# #.#.### ###+##
#.#...# #.#(# #


You could see a giant cockroach.

Vanquished Creatures
  A hound (D:4)
  An iguana (D:3)
  An ooze (D:2)
  An adder skeleton (D:4)
  A worm (D:2)
  2 leopard geckos
  An orc (D:3)
  2 bats
  A giant cockroach (D:1)
  3 hobgoblins
  3 jackals (D:4)
  A kobold (D:2)
  A ball python (D:2)
  3 frilled lizards
  2 goblins
  A rat (D:3)
25 creatures vanquished.

Vanquished Creatures (collateral kills)
  A worker ant (D:4)
1 creature vanquished.

Grand Total: 26 creatures vanquished

Notes
Turn   | Place    | Note
-------+----------+-------------------------------------------
     0 | D:1      | M4edhros the Octopode Artificer began the quest for the Orb.
     0 | D:1      | Reached XP level 1. HP: 13/13 MP: 3/3
    26 | D:1      | Reached skill level 2 in Stealth
    63 | D:1      | Reached XP level 2. HP: 17/18 MP: 4/4
   126 | D:1      | Reached skill level 3 in Stealth
   327 | D:2      | Reached skill level 4 in Stealth
   611 | D:3      | Reached skill level 5 in Stealth
   611 | D:3      | Reached XP level 3. HP: 1/23 MP: 5/5
  1090 | D:4      | Reached XP level 4. HP: 7/28 MP: 6/6
  1469 | D:4      | Reached skill level 6 in Stealth
  1596 | D:4      | Noticed Dowan
  1598 | D:4      | Noticed Duvessa
  1617 | D:4      | HP: 1/28 [something (4)]
  1617 | D:4      | Slain by Duvessa

Vault maps used:
D:1:      ncdulo_halloftheorcs
D:2:      led_sif_pool, uniq_sigmund
D:3:      first_bread
D:4:      minmay_misc_feat_rows, makhleb_altar_promises_db, uniq_duvessa

Skill      XL: |  1  2  3  4 |
---------------+-------------+-----
Stealth        | 2 5 6 |  6.4
Fighting       | |  1.0
Short Blades   | |  1.0
Dodging        | |  2.0
Evocations     | |  3.2

Action                   |  1- 3 |  4- 6 || total
-------------------------+-------+-------++-------
Melee: Short sword       |    46 |     6 ||    52
       Constrict         |    12 |     2 ||    14
       Tentacles         |     5 |       ||     5
Evoke: Wand              |     2 |    12 ||    14
  Use: Potion            |       |     4 ||     4
 Stab: Sleeping          |     7 |     3 ||    10
  Eat: Chunk             |       |     2 ||     2
Armor: Skin              |     3 |    18 ||    21
Dodge: Dodged            |    18 |     7 ||    25
